 Dungeon Crawl Stone Soup version 0.26-a0-651-gb41185065b (webtiles) character file.

Game seed: 12751103698693777012

245 Lanoc the Digger (level 5, -12/38 HPs)
             Began as a Draconian Earth Elementalist on Oct 5, 2020.
             Mangled by an ogre
             ... wielding a +0 giant club
              (24 damage)
             ... on level 4 of the Dungeon.
             The game lasted 00:03:40 (3464 turns).

Lanoc the Digger (Draconian Earth Elementalist)     Turns: 3464, Time: 00:03:41

Health: -12/38     AC:  5    Str: 10    XL:     5   Next: 83%
Magic:  1/8        EV: 13    Int: 17    God:
Gold:   125        SH:  0    Dex: 11    Spells: 7/8 levels left

rFire    . . .     SeeInvis .   k - +0 dagger (venom)
rCold    . . .     Faith    .   (no shield)
rNeg     . . .     Spirit   .   (armour unavailable)
rPois    .         Reflect  .   (helmet restricted)
rElec    .         Harm     .   (no cloak)
rCorr    .         Rampage  .   (no gloves)
MR       .....                  (no boots)
Stlth    ++........             (no amulet)
HPRegen  0.12/turn              (no ring)
MPRegen  0.11/turn              (no ring)

@: no status effects
A: unfitting armour, cold-blooded, AC +5
a: no special abilities


You were on level 4 of the Dungeon.
You visited 1 branch of the dungeon, and saw 4 of its levels.

You collected 125 gold pieces.

Inventory:

Hand Weapons
 k - a +0 dagger of venom (weapon)
Missiles
 b - 40 stones (quivered)
Wands
 f - a wand of random effects (10)
Scrolls
 a - 4 scrolls of remove curse {unknown}
 c - 2 scrolls of teleportation {unknown}
 e - a scroll of enchant armour {unknown}
 g - 2 scrolls of fear {unknown}
 h - a scroll of noise {unknown}
 j - a scroll of identify {unknown}
Potions
 d - a potion of magic {unknown}
 i - a potion of flight {unknown}
 l - 2 potions of brilliance {unknown}
 m - a potion of stabbing {unknown}


   Skills:
 + Level 3.4 Dodging
 - Level 1.7 Stealth
 - Level 2.0 Spellcasting
   Level 1.0 Transmutations
 * Level 5.7 Earth Magic


You had 7 spell levels left.
You knew the following spells:

 Your Spells              Type           Power        Failure   Level
a - Sandblast             Erth           ###...       1%          1

Your spell library contained the following spells:

 Spells                   Type           Power        Failure   Level
 Passwall                 Tmut/Erth      ##......     8%          2
 Stone Arrow              Conj/Erth      ##....       19%         3
 Petrify                  Tmut/Erth      ##......     43%         4
 Lee's Rapid Deconstruct  Erth           ###.......   45%         5


Dungeon Overview and Level Annotations

Branches:
Dungeon (4/15)
 Temple: D:4-7

Altars:
Makhleb
Xom


Innate Abilities, Weirdness & Mutations

Your plain brown scales are hard. (AC +5)
You cannot fit into any form of body armour.
You are cold-blooded and may be slowed by cold attacks.


Message History

Confirm with . or Enter, or press ? or * to list all spells.
Aiming: Sandblast (safe; 2% risk of failure)
Press: ? - help, Shift-Dir - straight line, f/p - Menkaure
Aim: Menkaure (almost destroyed)
The blast of sand hits Menkaure.
You destroy Menkaure!
Your Earth Magic skill increases to level 5!
You have reached level 5!
b - 41 stones
Casting: Sandblast (safe; 1% risk of failure)
Confirm with . or Enter, or press ? or * to list all spells.
Aiming: Sandblast (safe; 1% risk of failure)
Press: ? - help, Shift-Dir - straight line, f - ogre
Aim: an ogre, wielding a +0 giant club (severely wounded)
The blast of sand hits the ogre.
The ogre is almost dead.
b - 40 stones The ogre hits you with a +0 giant club!!
Ouch! That really hurt!
You die...

## ..# #
#.##
..######..#
..........
.........#
.......O.#
+......@.#
#.......<#
#........#
#........#
#........#
#........#
#......>.#
#....#####
#..#


You could see an ogre.

Vanquished Creatures
  Menkaure (D:4)
  An orc wizard (D:3)
  2 adders
  4 worms
  2 dart slugs
  2 leopard geckos
  2 orcs (D:3)
  A giant cockroach (D:3)
  6 goblins
  5 hobgoblins
  6 jackals (D:2)
  3 quokkas
  2 ball pythons
  3 bats
  2 frilled lizards
  9 kobolds
  6 rats
57 creatures vanquished.

Notes
Turn   | Place    | Note
-------+----------+-------------------------------------------
     0 | D:1      | Lanoc the Draconian Earth Elementalist began the quest for
                  | the Orb.
     0 | D:1      | Reached XP level 1. HP: 14/14 MP: 3/3
    51 | D:2      | Reached XP level 2. HP: 5/20 MP: 0/5
  1102 | D:2      | Reached XP level 3. HP: 14/26 MP: 4/6
  1267 | D:2      | Found a shimmering altar of Xom.
  1316 | D:2      | Reached skill level 4 in Earth Magic
  2379 | D:3      | Reached XP level 4. HP: 21/33 MP: 7/7
  3413 | D:3      | Found a burning altar of Makhleb.
  3457 | D:4      | Noticed Menkaure
  3459 | D:4      | Noticed an ogre
  3463 | D:4      | Killed Menkaure
  3463 | D:4      | Reached skill level 5 in Earth Magic
  3463 | D:4      | Reached XP level 5. HP: 12/38 MP: 2/8
  3464 | D:4      | Mangled by an ogre

Illustrated notes

Levels and vault maps discovered:
D:1:      onia_arrival_handbag, layout_basic, serial_bayou_crossing
D:2:      layout_rooms, xom_butterflies, minmay_hexomino_f4
D:3:      layout_basic, marbit_many_paths, kennysheep_generic_room_14
D:4:      layout_rooms, riverfiend_overflow_shadow_ancestor,
          kennysheep_pointless_box, uniq_menkaure

Skill      XL: |  1  2  3  4 |
---------------+-------------+-----
Dodging        | 2 3 |  3.4
Earth Magic    | 4 5 |  5.7
Stealth        | |  1.7
Spellcasting   | |  2.0
Transmutations | |  1.0

Action                   |  1- 3 |  4- 6 || total
-------------------------+-------+-------++-------
Melee: Unarmed           |   134 |       ||   134
       Tailslap          |    14 |     3 ||    17
       Dagger            |    40 |    50 ||    90
 Cast: Sandblast         |    32 |     9 ||    41
Armor: Skin              |    66 |     8 ||    74
Dodge: Dodged            |   149 |    25 ||   174

Table legend: (Time is in decaauts)
 A = Elapsed time spent in this place.
 B = Non-inter-level travel time spent in this place.
 C = Inter-level travel time spent in this place.
 D = Time resting spent in this place.
 E = Time spent auto-exploring this place.
 F = Levels seen in this place.
 G = Mean time per level.
                   A        B        C        D        E       F      G
               +--------+--------+--------+--------+--------+-----+--------+
         Total |   3463 |   3419 |     44 |    146 |   2750 |   4 |  865.8 |
       Dungeon |   3463 |   3419 |     44 |    146 |   2750 |   4 |  865.8 |
               +--------+--------+--------+--------+--------+-----+--------+

Top non-repeatable levels by time:
     D:3: 2052 daAuts
     D:2: 940 daAuts
     D:1: 464 daAuts
     D:4: 6 daAuts
